 Dungeon Crawl Stone Soup version 0.22-a0-605-g9281fa2 (webtiles) character file.

0 Amnesiac the Magician (level 1, 0/11 HPs)
             Began as a Deep Elf Transmuter on July 8, 2018.
             Slain by a goblin
             ... wielding a +0 dagger
              (2 damage)
             ... on level 1 of the Dungeon.
             The game lasted 00:00:16 (22 turns).

Amnesiac the Magician (Deep Elf Transmuter)           Turns: 22, Time: 00:00:17

Health: 0/11       AC:  2    Str:  7    XL:     1   Next: 8%
Magic:  5/6        EV: 13    Int: 17    God:
Gold:   0          SH:  0    Dex: 15    Spells: 5/6 levels left

rFire    . . .     SeeInvis .     - Unarmed
rCold    . . .     Gourm    .   (no shield)
rNeg     . . .     Faith    .   b - +0 robe
rPois    .         Spirit   .   (no helmet)
rElec    .         Reflect  .   (no cloak)
rCorr    .         Harm     .   (no gloves)
MR       .....                  (no boots)
Stlth    +.........             (no amulet)
HPRegen  0.03/turn              (no ring)
MPRegen  0.10/turn              (no ring)

@: appendage
A: horns 2
a: End Transformation


You were on level 1 of the Dungeon.
You were not hungry.
You had grown temporary horns.
You visited 1 branch of the dungeon, and saw 1 of its levels.

Inventory:

Missiles
 a - 12 arrows
Armour
 b - a +0 robe (worn)
Comestibles
 d - a ration


   Skills:
 + Level 0.7 Fighting
 + Level 2.4 Dodging
 * Level 2.4 Unarmed Combat
 - Level 3.0 Spellcasting
 - Level 2.1 Transmutations


You had 5 spell levels left.
You knew the following spells:

 Your Spells              Type           Power        Failure   Level  Hunger
e - Beastly Appendage     Tmut           ##....       7%          1    None

Your spell library contained the following spells:

 Spells                   Type           Power        Failure   Level  Hunger
 Spider Form              Tmut/Pois      #.........   32%         3    ###....
 Blade Hands              Tmut           ##........   89%         5    ######.
 Ice Form                 Ice/Tmut       #.......     73%         4    ####...
 Sticks to Snakes         Tmut           ##......     11%         2    ##.....


Dungeon Overview and Level Annotations

Branches:
Dungeon (1/15)

Altars:


Innate Abilities, Weirdness & Mutations

You have a pair of horns on your head.


Message History

Welcome, Amnesiac the Deep Elf Transmuter.
Will you prevail where others failed? Will you find the Orb of Zot?
Press ? for a list of commands and other information.
Found a short sword and 14 stones.
Found an escape hatch in the floor.
Found a staircase leading out of the dungeon.
A rat comes into view.
A rat is nearby!
A rat is nearby!
Casting: Beastly Appendage (safe; 7% risk of failure)
Confirm with . or Enter, or press ? or * to list all spells.
Your feet morph into talons.
Found a purple potion.
Firing (i - inventory) No suitable missiles.
Press: ? - help, Shift-Dir - straight line, f - rat
Aim: a rat (resting)
Okay, then.
Adjust (i)tems, (s)pells, or (a)bilities?
Adjust which spell? a - Beastly Appendage Adjust to which letter? e - Beastly Appendage A goblin comes into view.
It is wielding a dagger.
The goblin shouts!
No reachable target in view!
No reachable target in view!
No reachable target in view!
You closely miss the rat. The rat closely misses you.
You barely miss the rat.
Your transformation is almost over.
The rat bites you.
You barely miss the rat. The rat barely misses you.
You closely miss the rat. The rat closely misses you.
You closely miss the rat. The rat barely misses you.
You barely miss the rat. The rat bites you.
You hit the rat.
You kill the rat!
You closely miss the goblin. The goblin hits you with a dagger.
You barely miss the goblin. The goblin hits you but does no damage.
You closely miss the goblin. The goblin hits you with a dagger.
* * * LOW HITPOINT WARNING * * *
You hit the goblin.
The goblin is moderately wounded.
Your talons disappear.
The goblin hits you with a dagger.
* * * LOW HITPOINT WARNING * * *
You are too injured to fight recklessly!
You are too injured to fight recklessly!
You are too injured to fight recklessly!
Casting: Beastly Appendage (safe; 7% risk of failure)
Confirm with . or Enter, or press ? or * to list all spells.
You grow a pair of large bovine horns.
The goblin hits you with a dagger.
You die...

..§≈...≈≈≈§§.#
#..≈...≈<.§§§#
#§§§...)≈.≈.#
#§≈§§≈≈≈≈§§.#
#.≈.≈§§§.§≈.####
#.≈..§≈§.§§....!.
#.≈≈≈§≈...≈.#####
#.........≈.#
###@≈.....≈.#
#g≈≈≈≈≈≈≈.#
#.........#
#.....###...
#.##### .### #.#
# #.# #..


You could see a goblin.

Vanquished Creatures
  A rat (D:1)
1 creature vanquished.

Notes
Turn   | Place    | Note
-------+----------+-------------------------------------------
     0 | D:1      | Amnesiac the Deep Elf Transmuter began the quest for the Orb.
     0 | D:1      | Reached XP level 1. HP: 11/11 MP: 6/6
    22 | D:1      | Slain by a goblin

Vault maps used:
D:1:      ebering_trefoil_twist

Action                   || total
-------------------------++-------
Melee: Unarmed           ||    11
 Cast: Beastly Appendage ||     2
Armor: Robe              ||     1
Dodge: Dodged            ||     4

Table legend:
 A = Spawn XP
 B = Non-spawn XP
 C = Spawn XP percentage of total XP
 D = Spawn monster count
 E = Non-spawn monster count
 F = Spawn count percentage of total count
 G = Total turns spent on level
                    A         B        C        D         E        F      G
               +---------+---------+-------+---------+---------+-------+---------
         Total |       0 |       1 |   0.0 |       0 |       1 |   0.0 |    22
               +---------+---------+-------+---------+---------+-------+---------
           D:1 |       0 |       1 |   0.0 |       0 |       1 |   0.0 |    22
               +---------+---------+-------+---------+---------+-------+---------
